 Dungeon Crawl Stone Soup version 0.21.1-74-g47da9253eb (webtiles) character file.

7464 Peloso the Carver (level 10, 0/89 (90) HPs)
             Began as a Minotaur Fighter on Aug 11, 2018.
             Was a High Priest of Okawaru.
             Killed by divine providence
             ... invoked by an orc priest
              (12 damage)
             ... on level 10 of the Dungeon.
             The game lasted 00:24:08 (10545 turns).

Peloso the Carver (Minotaur Fighter)               Turns: 10545, Time: 00:24:08

HP:   0/89 (90)     AC: 13    Str: 22    XL:     10   Next: 94%
MP:   8/10          EV: 12    Int:  5    God:    Okawaru [*****.]
Gold: 105           SH: 15    Dex: 12    Spells: 9/9 levels left

rFire    . . .     SeeInvis +   a - +1 long sword
rCold    . . .     Gourm    .   c - +1 shield
rNeg     . . .     Faith    .   h - +0 chain mail
rPois    .         Spirit   .   (helmet restricted)
rElec    .         Reflect  .   (no cloak)
rCorr    .         Harm     .   (no gloves)
MR       .....                  (no boots)
Stlth    ..........             (no amulet)
HPRegen  0.24/turn              g - ring of see invisible
MPRegen  0.12/turn              (no ring)

@: heroism
A: retaliatory headbutt, horns 2
a: Heroism, Finesse, Renounce Religion


You were on level 10 of the Dungeon.
You worshipped Okawaru.
Okawaru was extremely pleased with you.
You were not hungry.

You visited 1 branch of the dungeon, and saw 10 of its levels.

You collected 418 gold pieces.
You spent 313 gold pieces at shops.

Inventory:

Hand Weapons
 a - a +1 long sword (weapon)
 F - a cursed -1 short sword
Armour
 c - a +1 shield (worn)
 h - a +0 chain mail (worn)
Jewellery
 g - a ring of see invisible (left hand)
Wands
 w - a wand of enslavement (14)
 z - a wand of random effects (6)
 B - a wand of paralysis (13)
Scrolls
 k - 2 scrolls of identify
 m - 9 scrolls of teleportation
 o - 3 scrolls of remove curse
 p - a scroll of magic mapping
 q - 2 scrolls of noise
 v - 2 scrolls of amnesia {unknown}
 x - a scroll of brand weapon {unknown}
 y - a scroll of blinking
 A - a scroll of enchant armour
 D - a scroll of fog
Potions
 d - a potion of might
 e - a potion of magic
 i - 2 potions of ambrosia
 j - 3 potions of heal wounds
 l - 3 potions of curing
 n - 2 potions of agility
 r - a potion of brilliance
 s - 2 potions of haste {unknown}
 t - a potion of berserk rage
Books
 b - a book of Air

   Spells                             Type                      Level
   a - Shock                          Conjuration/Air              1
   b - Swiftness                      Charms/Air                   2
   c - Static Discharge               Conjuration/Air              3
   d - Airstrike                      Air                          4
   e - Lightning Bolt                 Conjuration/Air              5
 u - a book of Necromancy

   Spells                             Type                      Level
   a - Pain                           Necromancy                   1
   b - Animate Skeleton               Necromancy                   1
   c - Vampiric Draining              Necromancy                   3
   d - Regeneration                   Charms/Necromancy            3
   e - Animate Dead                   Necromancy                   4
   f - Borgnjor's Vile Clutch         Necromancy/Earth             5
 C - a book of Callings

   Spells                             Type                      Level
   a - Summon Small Mammal            Summoning                    1
   b - Call Imp                       Summoning                    2
   c - Call Canine Familiar           Summoning                    3
   d - Summon Guardian Golem          Hexes/Summoning              3
   e - Summon Lightning Spire         Summoning/Air                4
   f - Summon Ice Beast               Ice/Summoning                4
Comestibles
 f - 17 rations
 E - 7 chunks of flesh


   Skills:
 + Level 8.6(13.6) Fighting
 + Level 11.4(16.4) Long Blades
 + Level 10.2(15.2) Armour
 + Level 3.5(8.5) Dodging
 + Level 1.6(6.6) Stealth
 + Level 10.6(15.6) Shields
 + Level 1.3 Invocations


You had 9 spell levels left.
You didn't know any spells.

Dungeon Overview and Level Annotations

Branches:
Dungeon (10/15)            Temple (0/1) D:4            Lair (0/6) D:8
    Orc: D:9-12

Altars:
Dithmenos
Gozag
Hepliaklqana
Kikubaaqudgha
Makhleb
Okawaru
Qazlal
Ru
Sif Muna
Vehumet
Xom

Shops:
D:2 *   D:5 [   D:6 (


Innate Abilities, Weirdness & Mutations

You reflexively headbutt those who attack you in melee.
You have a pair of horns on your head.


Message History

a short sword; a big kobold corpse You barely miss the orc warrior.
You hit the orc warrior but do no damage.
You headbutt the orc warrior, but do no damage.
The orc priest miscasts a cantrip.
The orc warrior hits you with a trident!
* * * LOW HITPOINT WARNING * * *
You slash the orc warrior!
The orc warrior is heavily wounded.
The orc priest calls down the wrath of Beogh upon you.
Beogh smites you!
* * * LOW HITPOINT WARNING * * *
You hit the orc warrior but do no damage.
The orc warrior is heavily wounded.
You block the orc warrior's attack.
You slash the orc warrior!
The orc warrior is severely wounded.
The orc priest mumbles some strange prayers to Beogh against you.
Beogh smites you!
You die...

##..#)[........................
##...#)......................o..
##.#..##.....#..#.##..#.####.###.
#......##...####......)..##o..#..
##....#.#...# #...#..K.()oo)##..
##..#.....## ##.##...#(##.#(.((
#####.#...# ######..######..(†.
#.....####.##Ko...# ##.(..
##....# #..@oo...## ###.. ###.##
##(##o##.# ##. ### #####....# #.
...## .. .### ... ## ....


You could see an orc warrior, 2 orc priests, an orc and a kobold.

Vanquished Creatures
  A two-headed ogre (D:10)
  The ghost of Lavandula the Cleaver, a novice CeBe of Trog (D:10)
  The ghost of Sogov the Thaumaturge, a novice DEFE (D:7)
  A troll (D:9)
  Prince Ribbit (D:5)
  Grinder (D:4)
  A hippogriff (D:9)
  A wyvern (D:9)
  4 yaks (D:10)
  A human (D:7)
  3 steam dragons
  4 hogs (D:7)
  3 wargs (D:8)
  Duvessa (D:4)
  A sky beast (D:6)
  3 ice beasts
  A black bear (D:6)
  2 centaurs (D:9)
  A necrophage (D:8)
  2 big kobolds (D:10)
  2 bullfrogs
  A gnoll sergeant (D:6)
  Dowan (D:4)
  2 scorpions
  8 wights
  A howler monkey (D:7)
  An electric eel (D:7)
  3 crimson imps
  A centaur zombie (D:6)
  A quasit (D:5)
  3 hounds
  A jelly (D:7)
  A bullfrog zombie (D:6)
  A centaur skeleton (D:5)
  5 orc wizards
  3 bullfrog skeletons
  5 orc priests
  2 iguanas
  4 worker ants
  4 gnolls
  14 adders
  A howler monkey skeleton (D:9)
  A shadow imp (D:7)
  An ooze (D:2)
  2 adder zombies (D:7)
  An adder skeleton (D:5)
  5 worms
  3 dart slugs (D:1)
  2 leopard geckos
  33 orcs
  5 giant cockroaches
  14 goblins
  11 hobgoblins
  18 jackals
  7 quokkas
  5 ball pythons
  6 bats
  8 frilled lizards
  A jackal skeleton (D:4)
  25 kobolds
  A leopard gecko zombie (D:5)
  6 rats
254 creatures vanquished.

Notes
Turn   | Place    | Note
-------+----------+-------------------------------------------
     0 | D:1      | Peloso the Minotaur Fighter began the quest for the Orb.
     0 | D:1      | Reached XP level 1. HP: 19/19 MP: 0/0
    60 | D:1      | Reached XP level 2. HP: 26/27 MP: 1/1
   472 | D:1      | Reached skill level 3 in Long Blades
   477 | D:1      | Reached XP level 3. HP: 30/33 MP: 2/2
   771 | D:2      | Found an iron altar of Okawaru.
   832 | D:2      | Became a worshipper of Warmaster Okawaru
   833 | D:2      | Found a faded altar of an unknown god.
   854 | D:2      | Reached XP level 4. HP: 39/40 MP: 3/3
   987 | D:2      | Found an ancient bone altar of Kikubaaqudgha.
  1068 | D:2      | Found Gozag's Platinum Reserve.
  1576 | D:2      | Found a radiant altar of Vehumet.
  1699 | D:2      | Found an opulent altar of Gozag.
  2001 | D:3      | Reached skill level 4 in Long Blades
  2001 | D:3      | Reached XP level 5. HP: 34/46 MP: 4/4
  2135 | D:3      | Found a shimmering altar of Xom.
  2136 | D:3      | Found a hazy altar of Hepliaklqana.
  2136 | D:3      | Noticed a yak
  2137 | D:3      | Noticed a yak
  2137 | D:3      | Noticed a spectral ugly thing
  2372 | D:3      | Reached skill level 1 in Dodging
  2657 | D:3      | Found a burning altar of Makhleb.
  2888 | D:4      | Noticed Grinder
  2892 | D:4      | Reached skill level 5 in Shields
  2892 | D:4      | Paralysed by Grinder for 5 turns
  2909 | D:4      | Paralysed by Grinder for 3 turns
  2918 | D:4      | Killed Grinder
  2918 | D:4      | Reached * piety under Okawaru
  2918 | D:4      | Reached skill level 5 in Long Blades
  2918 | D:4      | Reached skill level 5 in Armour
  2918 | D:4      | Reached XP level 6. HP: 47/55 MP: 5/5
  3095 | D:4      | Noticed Duvessa
  3095 | D:4      | Noticed Dowan
  3110 | D:4      | Killed Duvessa
  3110 | D:4      | Reached ** piety under Okawaru
  3110 | D:4      | Reached skill level 5 in Fighting
  3110 | D:4      | Reached XP level 7. HP: 33/61 MP: 6/6
  3120 | D:4      | Killed Dowan
  3454 | D:4      | Found a staircase to the Ecumenical Temple.
  3458 | D:4      | Reached skill level 6 in Long Blades
  3624 | D:5      | Entered Level 5 of the Dungeon
  3663 | D:5      | Noticed Prince Ribbit
  4366 | D:5      | Found Senla's Antique Armour Emporium.
  4537 | D:5      | Reached XP level 8. HP: 61/69 MP: 7/7
  4872 | D:5      | Reached skill level 7 in Long Blades
  4890 | D:5      | Found a deep blue altar of Sif Muna.
  4994 | D:5      | Killed Prince Ribbit
  5227 | D:6      | Reached *** piety under Okawaru
  5227 | D:6      | Reached skill level 8 in Long Blades
  5532 | D:6      | Reached skill level 1 in Stealth
  5605 | D:6      | Found an opulent altar of Gozag.
  5720 | D:6      | Found Kenloer's Antique Weapon Boutique.
  5730 | D:6      | Reached XP level 9. HP: 78/78 MP: 8/8
  5784 | D:6      | Found a shadowy altar of Dithmenos.
  5990 | D:7      | Noticed Sogov's ghost (novice DEFE)
  6009 | D:7      | Killed Sogov's ghost
  6009 | D:7      | Reached **** piety under Okawaru
  6009 | D:7      | Reached skill level 9 in Long Blades
  7093 | D:7      | Found a sacrificial altar of Ru.
  7397 | D:8      | Found a stormy altar of Qazlal.
  7454 | D:8      | Reached skill level 10 in Long Blades
  7822 | D:8      | Found a staircase to the Lair.
  7857 | D:8      | Reached XP level 10. HP: 69/87 MP: 9/9
  8088 | D:9      | Reached ***** piety under Okawaru
  8527 | D:5      | Bought a dazzling cloak for 313 gold pieces
  8533 | D:5      | Identified the -5 cloak "Suitecor" {+Blink rC+++ Str-3 Int+4} (You bought it in a shop on level 5 of the Dungeon)
  8671 | D:10     | Entered Level 10 of the Dungeon
  9088 | D:10     | Noticed a two-headed ogre
  9352 | D:10     | Killed a two-headed ogre
  9502 | D:10     | Reached skill level 11 in Long Blades
  9503 | D:10     | Noticed Lavandula's ghost (novice CeBe)
  9547 | D:9      | Found an opulent altar of Gozag.
  9779 | D:9      | Reached skill level 10 in Shields
 10321 | D:10     | Killed Lavandula's ghost
 10321 | D:10     | Reached skill level 10 in Armour
 10321 | D:10     | Reached skill level 1 in Invocations
 10545 | D:10     | Killed from afar by an orc priest

Skill      XL: |  1  2  3  4  5  6  7  8  9 10 |
---------------+-------------------------------+-----
Shields        | 4 5 6 7 9 10 | 10.6
Armour         | 4 5 6 7 9 10 | 10.2
Fighting       | 4 5 6 7 8 |  8.6
Long Blades    | 3 4 5 6 8 10 11 | 11.4
Dodging        | 1 2 3 |  3.5
Stealth        | 1 |  1.6
Invocations    | 1 |  1.3

Action                   |  1- 3 |  4- 6 |  7- 9 | 10-12 || total
-------------------------+-------+-------+-------+-------++-------
Melee: Long sword        |    79 |   205 |   402 |   212 ||   898
       Headbutt          |    16 |    37 |    87 |    55 ||   195
Invok: Heroism           |       |       |     3 |     4 ||     7
       Finesse           |       |       |       |     1 ||     1
  Use: Scroll            |       |    10 |     8 |     1 ||    19
       Potion            |       |       |     2 |       ||     2
  Eat: Chunk             |       |     8 |    15 |     5 ||    28
       Ration            |       |       |       |     1 ||     1
Armor: Scale mail        |    49 |    70 |       |       ||   119
       Chain mail        |       |    16 |   111 |    81 ||   208
Dodge: Dodged            |    42 |    61 |    96 |    80 ||   279
Block: Shield            |    58 |   124 |   219 |   185 ||   586
       Rpst.: Long sword |    10 |    15 |    27 |    14 ||    66
